cohdb
Replays
Latest Replays
All Replays
Popular Replays
Top Player Replays
Match Explorer
How It Works
Community
CoH3 Stats
Reddit
Sign in to upload your games and track your stats! →
Sign in with Steam
Match 24398384
Unlisted
Match 24398384
Overview
Messages
Build Orders
End
Royal Engineer Section
Construct Section Command Post
Infantry Section
Infantry Section
Construct Platoon Command Post
Unlock M3 Stuart Light Tanks
M3 Stuart Light Tank
M3 Stuart Light Tank
M3 Stuart Light Tank
Construct Company Command Post
Selects Indian Artillery Battlegroup
Selects War Cry
Selects Gurkha Rifles Section
Gurkha Rifles Section
Foot Guards Section
Matilda II Heavy Tank
Selects Volunteer Infantry
Selects Artillery Saturation
Unlock Bishop Self-propelled Artillery
Bishop Self-propelled Artillery
Matilda II Heavy Tank
Grenade Package
Selects Off-map Airburst Barrage
SneaKerz
gb_gbg
IncognitoBurrito
Dimairt
0
0
Comments
sign in to comment!
No comments posted yet!